 Dungeon Crawl Stone Soup version 0.27-a0-1181-g5f64966fcc (webtiles) character file.

Game seed: 10101776217837651717

156 ZappyNine the Skirmisher (level 5, -2/35 HPs)
             Began as a Gargoyle Berserker on May 17, 2021.
             Was a Believer of Trog.
             Splashed by a jelly's acid (8 damage)
             ... on level 4 of the Dungeon.
             The game lasted 00:03:44 (3541 turns).

ZappyNine the Skirmisher (Gargoyle Berserker)       Turns: 3541, Time: 00:03:44

Health: -2/35      AC:  7    Str: 21    XL:     5   Next: 38%
Magic:  5/5        EV: 11    Int:  8    God:    Trog [**....]
Gold:   165        SH:  0    Dex:  9    Spells: 4/4 levels left

rFire    . . .     SeeInvis .   g - +0 whip (elec)
rCold    . . .     Faith    .   (no shield)
rNeg     + . .     Spirit   .   b - +0 animal skin
rPois    ∞         Reflect  .   (no helmet)
rElec    +         Harm     .   (no cloak)
rCorr    .         Rampage  .   m - +0 pair of gloves
Will     .....                  (no boots)
Stlth    +.........             (no amulet)
HPRegen  0.11/turn              (no ring)
MPRegen  0.09/turn              (no ring)

@: no status effects
A: sickness immunity, AC +4, negative energy resistance 1, electricity
resistance, torment resistance 1, petrification resistance
a: Renounce Religion, Berserk, Trog's Hand


You were on level 4 of the Dungeon.
You worshipped Trog.
Trog was pleased with you.
You visited 1 branch of the dungeon, and saw 4 of its levels.

You collected 165 gold pieces.

Inventory:

Hand Weapons
 a - a +1 mace
 g - a +0 whip of electrocution (weapon)
Armour
 b - a +0 animal skin (worn)
 m - a +0 pair of gloves (worn)
Jewellery
 l - an amulet of faith
Scrolls
 f - a scroll of blinking {unknown}
 h - 2 scrolls of identify
 i - a scroll of enchant armour {unknown}
 k - a scroll of holy word {unknown}
Potions
 c - 3 potions of curing
 d - a potion of attraction {unknown}
 e - 2 potions of berserk rage {unknown}
 j - a potion of might {unknown}
 n - 3 potions of cancellation {unknown}


   Skills:
 + Level 5.1 Fighting
 + Level 4.6 Maces & Flails
 - Level 2.1 Armour
 - Level 1.5 Dodging


You had 4 spell levels left.
You didn't know any spells.
Your spell library contained the following spells:

 Spells                   Type           Power      Damage    Failure   Level
 Summon Small Mammal      Summ           0%         N/A       41%         1
 Call Imp                 Summ           0%         N/A       54%         2
 Call Canine Familiar     Summ           0%         N/A       78%         3
 Summon Guardian Golem    Hex/Summ       0%         N/A       78%         3
 Summon Ice Beast         Ice/Summ       0%         N/A       99%         4
 Summon Lightning Spire   Summ/Air       0%         N/A       99%         4


Dungeon Overview and Level Annotations

Branches:
Dungeon (4/15)
 Temple: D:4-7

Altars:


Innate Abilities, Weirdness & Mutations

You are immune to sickness and miasma.
Your stone body is resilient. (AC +4)
You are immune to poison.
You resist negative energy. (rN+)
You are resistant to electric shocks. (rElec)
You are resistant to unholy torment.
You are immune to petrification.


Message History

You barely miss the endoplasm.
The endoplasm is severely wounded.
The gnoll misses you. The endoplasm freezes you.
You are frozen.
You hit the endoplasm.
You kill the endoplasm!
Trog accepts your kill.
The gnoll hits you from afar with a +0 spear.
The gnoll barely misses you.
You hit the jelly. Lightning courses through the jelly!
Your hands burn!
The jelly is severely wounded.
The gnoll hits you with a +0 club. The gnoll hits you but does no damage.
You barely miss the jelly.
The jelly is severely wounded.
The gnoll hits you from afar with a +0 spear.
The jelly hits you but does no damage. The gnoll closely misses you.
The gnoll hits you but does no damage.
A hobgoblin comes into view.
You hit the jelly.
Your hands burn!
The jelly is almost dead.
The gnoll barely misses you. The jelly hits you but does no damage.
The gnoll hits you with a +0 club.
The gnoll hits you from afar with a +0 spear.
* * * LOW HITPOINT WARNING * * *
You are too injured to fight recklessly!
You are too injured to fight recklessly!
You are too injured to fight recklessly!
You are too injured to fight recklessly!
You are too injured to fight recklessly!
You are too injured to fight recklessly!
You are too injured to fight recklessly!
You are too injured to fight recklessly!
You are too injured to fight recklessly!
You are too injured to fight recklessly!
Unknown command.
The jelly hits you.
* * * LOW HITPOINT WARNING * * *
You are splashed with acid!
You die...

... .... .. ..
#.#. #.##.####...
........#..
..........#
......g...#
......g...#
.g....g...#
......J@..#
..........#
.........##
.........##
..........###
..........##.. ###
..........##.# ..#
...>.......#.###.#
..............##.#


You could see a jelly, 3 gnolls and a hobgoblin.

Vanquished Creatures
  An orc priest (D:3)
  A hound (D:4)
  3 adders
  3 dart slugs
  2 orcs (D:3)
  5 ball pythons
  7 endoplasms
  2 giant cockroaches (D:1)
  8 goblins
  6 hobgoblins
  5 jackals
  4 kobolds
  5 quokkas
  7 bats
  2 frilled lizards
  4 rats
65 creatures vanquished.

Vanquished Creatures (collateral kills)
  An orc (D:3)
1 creature vanquished.

Grand Total: 66 creatures vanquished

Notes
Turn   | Place    | Note
-------+----------+-------------------------------------------
     0 | D:1      | ZappyNine the Gargoyle Berserker began the quest for the
                  | Orb.
     0 | D:1      | Reached XP level 1. HP: 14/14 MP: 1/1
   293 | D:1      | Reached XP level 2. HP: 18/19 MP: 2/2
   737 | D:1      | Found a faded altar of an unknown god.
   784 | D:1      | Reached skill level 4 in Fighting
   784 | D:1      | Reached XP level 3. HP: 19/24 MP: 3/3
  1760 | D:2      | Reached ** piety under Trog
  2314 | D:2      | Reached XP level 4. HP: 30/30 MP: 4/4
  2919 | D:3      | Reached XP level 5. HP: 34/34 MP: 5/5
  3484 | D:4      | Reached skill level 5 in Fighting
  3541 | D:4      | Splashed by a jelly's acid

Illustrated notes

Levels and vault maps discovered:
D:1:      dpeg_arrival_castle, layout_loops_ring,
          shapermc_ecumenical_altar_totnotflames, hex_large, patterned_corridor
D:2:      layout_basic, wander_ebering_terrifying_dragon_lair
D:3:      layout_loops_ring, dk_noncrumbling_2, chequers_serial_rivers_large_b
D:4:      layout_rooms, nicolae_ossuary_entry_monument,
          gammafunk_ghost_mausoleum, minmay_pentangle

Skill      XL: |  1  2  3  4  5 |
---------------+----------------+-----
Fighting       | 4 5 |  5.1
Maces & Flails | 4 |  4.6
Armour         | |  2.1
Dodging        | |  1.5

Action                   |  1- 3 |  4- 6 || total
-------------------------+-------+-------++-------
Melee: Whip              |   132 |    60 ||   192
       Mace              |    11 |       ||    11
Invok: Berserk           |       |     1 ||     1
  Use: Scroll            |       |     7 ||     7
 Stab: Distracted        |       |     1 ||     1
       Sleeping          |       |     1 ||     1
Armor: Animal skin       |    60 |    16 ||    76
Dodge: Dodged            |    94 |    31 ||   125

Table legend: (Time is in decaauts)
 A = Elapsed time spent in this place.
 B = Non-inter-level travel time spent in this place.
 C = Inter-level travel time spent in this place.
 D = Time resting spent in this place.
 E = Time spent auto-exploring this place.
 F = Levels seen in this place.
 G = Mean time per level.
                   A        B        C        D        E       F      G
               +--------+--------+--------+--------+--------+-----+--------+
         Total |   3563 |   3490 |     73 |    176 |   2869 |   4 |  890.8 |
       Dungeon |   3563 |   3490 |     73 |    176 |   2869 |   4 |  890.8 |
               +--------+--------+--------+--------+--------+-----+--------+

Top non-repeatable levels by time:
     D:2: 1225 daAuts
     D:3: 1147 daAuts
     D:1: 1132 daAuts
     D:4: 58 daAuts
